 Dungeon Crawl Stone Soup version 0.22-b1-26-g9dbaab1 (webtiles) character file.

2149 dorian the Spear-Bearer (level 9, -2/69 HPs)
             Began as a Merfolk Gladiator on Aug 5, 2018.
             Was a Believer of Okawaru.
             Slain by a two-headed ogre
             ... wielding a +0 giant club
              (15 damage)
             ... on level 7 of the Dungeon on Aug 6, 2018.
             The game lasted 00:16:53 (6414 turns).

dorian the Spear-Bearer (Merfolk Gladiator)         Turns: 6414, Time: 00:16:54

Health: -2/69      AC: 12    Str: 18    XL:     9   Next: 31%
Magic:  9/9        EV:  9    Int:  7    God:    Okawaru [**....]
Gold:   128        SH:  0    Dex: 19    Spells: 8/8 levels left

rFire    . . .     SeeInvis +   a - +0 trident
rCold    . . .     Gourm    .   (no shield)
rNeg     . . .     Faith    .   r - +0 chain mail
rPois    .         Spirit   .   o - +0 helmet
rElec    .         Reflect  .   (no cloak)
rCorr    .         Harm     .   h - +0 pair of gloves
MR       .....                  (no boots)
Stlth    ..........             (no amulet)
HPRegen  0.21/turn              (no ring)
MPRegen  0.11/turn              (no ring)

@: very slightly contaminated, invisible
A: change form in water, swift swim, stealthy swim, see invisible, agile 2,
robust 1
a: Heroism, Renounce Religion


You were on level 7 of the Dungeon.
You worshipped Okawaru.
Okawaru was pleased with you.
You were hungry.

You visited 2 branches of the dungeon, and saw 8 of its levels.

You collected 243 gold pieces.
You spent 115 gold pieces at shops.

Inventory:

Hand Weapons
 a - a +0 trident (weapon)
Armour
 b - a +0 leather armour
 c - a +0 helmet
 e - a +0 leather armour
 h - a +0 pair of gloves (worn)
 o - a +0 helmet (worn)
 r - a +0 chain mail (worn)
Jewellery
 n - the amulet "Nokkaj" {Inacc Stlth+}
   (You bought it in a shop on level 4 of the Dungeon)

   [amulet of inaccuracy]

   It reduces the accuracy of all your attacks.
   It makes you more stealthy.
Scrolls
 g - 4 scrolls of remove curse
 i - a scroll of magic mapping {unknown}
 j - a scroll of noise
 k - 3 scrolls of teleportation
 l - 2 scrolls of identify
Potions
 q - 4 potions of flight
 t - a potion of curing
 u - a potion of haste {unknown}
 v - a potion of invisibility
Comestibles
 f - 14 rations


   Skills:
 - Level 3.0 Fighting
 + Level 10.9 Polearms
 + Level 7.3 Throwing
 + Level 4.6 Armour
 - Level 4.0 Dodging


You had 8 spell levels left.
You didn't know any spells.
Your spell library was empty.

Dungeon Overview and Level Annotations

Branches:
Dungeon (7/15)             Temple (1/1) D:4

Altars:
Ashenzari
Cheibriados
Dithmenos
Elyvilon
Fedhas
Gozag
Hepliaklqana
Makhleb
Nemelex Xobeh
Okawaru
Qazlal
Ru
Sif Muna
Trog
Uskayaw
Vehumet
Wu Jian
Xom
Yredelemnul
Zin

Shops:
D:4 **

Annotations:
D:4 Grinder
D:5 2 runed doors, bmj180's ghost, amateur MiFi


Innate Abilities, Weirdness & Mutations

You revert to your normal form in water.
You are very nimble and swift while swimming.
You are very stealthy in the water. (Stealth+)
You have supernaturally acute eyesight. (SInv)
You are very agile. (Dex +4)
You are robust. (+10% HP)


Message History

The two-headed ogre hits you with a giant spiked club!
* * * LOW HITPOINT WARNING * * *
You fade into invisibility!
You are very lightly contaminated with residual magic.
You are too injured to fight recklessly!
You barely miss the two-headed ogre.
The two-headed ogre is moderately wounded.
The two-headed ogre barely misses you. The two-headed ogre closely misses you.
You hit the two-headed ogre.
The two-headed ogre is heavily wounded.
You catch the helpless two-headed ogre completely off-guard!
You hit the two-headed ogre.
The two-headed ogre is heavily wounded.
The two-headed ogre hits you but does no damage.
The two-headed ogre misses you.
Your chain mail prevents you from hitting the two-headed ogre.
The two-headed ogre is heavily wounded.
The two-headed ogre closely misses you.
The two-headed ogre hits you with a giant spiked club!
You die...

.####
#########.#
.# #.#
.##########
#.#
..........#
#.#
#########.#
#.# #.# #.#
#.# ####.#
#.# #....#
#.# #@####
#)# #O# #.#
#.# ####(#
#.# #....#
##.# #.####
#..# #.#
#'## #.#
#...# #<#
#.#.#


You could see a two-headed ogre.

Vanquished Creatures
  Pikel (D:4)
  An ice beast (D:5)
  2 sky beasts
  2 ogres
  A necrophage (D:6)
  2 centaurs
  4 bullfrogs
  3 scorpions
  A howler monkey (D:4)
  2 crimson imps
  2 hounds
  2 orc priests
  4 orc wizards
  An iguana (D:6)
  3 worker ants
  A killer bee zombie (D:6)
  5 adders
  An ooze (D:5)
  A worm (D:5)
  6 leopard geckos
  15 orcs
  7 bats
  5 giant cockroaches
  10 goblins
  12 hobgoblins
  8 jackals
  4 quokkas
  A ball python skeleton (D:4)
  A frilled lizard (D:4)
  8 kobolds
  A leopard gecko zombie (D:5)
  A quokka skeleton (D:6)
  5 rats
123 creatures vanquished.

Vanquished Creatures (others)
  An adder (D:5)
1 creature vanquished.

Grand Total: 124 creatures vanquished

Notes
Turn   | Place    | Note
-------+----------+-------------------------------------------
     0 | D:1      | dorian the Merfolk Gladiator began the quest for the Orb.
     0 | D:1      | Reached XP level 1. HP: 16/16 MP: 1/1
   221 | D:1      | Reached XP level 2. HP: 6/23 MP: 2/2
   603 | D:1      | Reached skill level 5 in Polearms
   603 | D:1      | Reached XP level 3. HP: 28/28 MP: 3/3
  1379 | D:2      | Found a hazy altar of Hepliaklqana.
  1382 | D:2      | Found a shattered altar of Ashenzari.
  1577 | D:2      | Noticed a sky beast
  1587 | D:2      | Killed a sky beast
  1587 | D:2      | Reached skill level 6 in Polearms
  1587 | D:2      | Reached XP level 4. HP: 35/35 MP: 4/4
  1587 | D:2      | Reached XP level 5. HP: 41/41 MP: 5/5
  2664 | D:4      | Found Vuadui's General Store.
  2765 | D:4      | Noticed an ogre
  2782 | D:4      | Killed an ogre
  2782 | D:4      | Reached skill level 7 in Polearms
  2782 | D:4      | Reached skill level 1 in Armour
  2782 | D:4      | Reached XP level 6. HP: 47/47 MP: 6/6
  3091 | D:4      | Found Gukus's Assorted Antiques.
  3106 | D:4      | Bought a translucent sapphire amulet for 115 gold pieces
  3108 | D:4      | Identified the amulet "Nokkaj" {Inacc Stlth+} (You bought it in a shop on level 4 of the Dungeon)
  3174 | D:4      | Noticed Grinder
  3183 | D:4      | Reached XP level 7. HP: 28/52 MP: 7/7
  3196 | D:4      | Paralysed by Grinder for 3 turns
  3210 | D:5      | Entered Level 5 of the Dungeon
  3606 | D:4      | Found a staircase to the Ecumenical Temple.
  3612 | Temple   | Entered the Ecumenical Temple
  3772 | Temple   | Became a worshipper of Warmaster Okawaru
  3943 | D:5      | Reached skill level 8 in Polearms
  3944 | D:5      | Upgraded the game from 0.22-b1-21-g5cfc168 to 0.22-b1-26-g9dbaab1
  3990 | D:5      | Gained mutation: You are agile. (Dex +2) [potion of mutation]
  3990 | D:5      | Gained mutation: You are robust. (+10% HP) [potion of mutation]
  3990 | D:5      | Gained mutation: You have supernaturally acute eyesight. (SInv) [potion of mutation]
  3990 | D:5      | Gained mutation: You are very agile. (Dex +4) [potion of mutation]
  3996 | D:5      | Reached skill level 5 in Throwing
  4343 | D:5      | Found a runed door.
  4421 | D:5      | Noticed Pikel
  4493 | D:4      | HP: 2/57 [Pikel/whip of freezing (2)]
  4496 | D:4      | Killed Pikel
  4496 | D:4      | Reached * piety under Okawaru
  4496 | D:4      | Reached skill level 9 in Polearms
  4496 | D:4      | Reached XP level 8. HP: 2/63 MP: 8/8
  4807 | D:5      | Noticed bmj180's ghost (amateur MiFi)
  5163 | D:5      | Reached skill level 10 in Polearms
  5179 | D:5      | Reached ** piety under Okawaru
  5193 | D:5      | Found a runed door.
  5305 | D:6      | Found a shattered altar of Ashenzari.
  5472 | D:6      | Reached XP level 9. HP: 69/69 MP: 9/9
  6390 | D:7      | Noticed a two-headed ogre
  6414 | D:7      | Slain by a two-headed ogre

Skill      XL: |  1  2  3  4  5  6  7  8  9 |
---------------+----------------------------+-----
Polearms       | 5 6 7 9 10 | 10.9
Fighting       | 3 |  3.0
Throwing       | 3 4 6 7 |  7.3
Armour         | 1 3 4 |  4.6
Dodging        | |  4.0

Action                   |  1- 3 |  4- 6 |  7- 9 || total
-------------------------+-------+-------+-------++-------
Melee: Trident           |   128 |   148 |   334 ||   610
       Tailslap          |       |     1 |       ||     1
Throw: Throwing net      |     2 |     2 |       ||     4
  Use: Scroll            |       |     4 |     6 ||    10
       Potion            |       |       |     6 ||     6
 Stab: Held in net/web   |       |     1 |       ||     1
       Sleeping          |       |     1 |       ||     1
       Invisible         |       |       |     1 ||     1
  Eat: Chunk             |     2 |     5 |    10 ||    17
Armor: Leather armour    |    32 |     8 |       ||    40
       Chain mail        |       |    46 |   120 ||   166
       Skin              |       |       |     3 ||     3
Dodge: Dodged            |    81 |    49 |    99 ||   229
